[Event "Titled Tuesday Blitz August 1 Late 2023"]
[White "Chor, Kevin"]
[Black "Vega Gutierrez, Sabrina"]
[WhiteFideId "2090740"]
[BlackFideId "2219026"]
[WhiteElo "2518"]
[BlackElo "2435"]
[Result "0-1"]
[Round "9"]
[TimeControl "180+1"]
[Date "2023.08.01"]
[WhiteClock "0:00:04"]
[BlackClock "0:01:00"]
[Board "65"]

1. e4 c5 2. Nf3 Nc6 3. d4 cxd4 4. Nxd4 Nf6 5. Nc3 e5 6. Ndb5 d6 7. Bg5 a6 8. Na3 b5 9. Nd5 Be7 10. Bxf6 Bxf6 11. c3 Ne7 12. Nxf6+ gxf6 13. g3 Bb7 14. Bg2 f5 15. Qe2 fxe4 16. Bxe4 d5 17. Bg2 Qc7 18. O-O O-O 19. Rfe1 Ng6 20. Nc2 e4 21. Nd4 Ne5 22. Qh5 f5 23. Ne6 Qf7 24. Qg5+ Kh8 25. Nxf8 Rxf8 26. Rad1 Ng6 27. h4 f4 28. h5 fxg3 29. fxg3 Qf2+ 30. Kh1 Rf5 31. Qg4 Ne5 32. Qh3 Bc8 33. Rf1 Qe2 34. Rxf5 Qxd1+ 35. Rf1 Qxf1+ 36. Bxf1 Bxh3 37. Bxh3 Nd3 38. Kg2 Nxb2 39. Be6 Na4 40. Bxd5 Nxc3 41. Bb7 a5 42. Kf2 b4 43. Ke3 Kg7 44. g4 h6 45. Kf4 Kf6 46. Ba6 Nxa2 47. Kxe4 Kg5 48. Kf3 Nc3 49. Bc4 a4 0-1


[Site "https://www.chess.com"]

[Event "Titled Tuesday Blitz August 1 Late 2023"]
[White "Kirillov, Dmitry"]
[Black "Vovk, Orest"]
[WhiteFideId "34180572"]
[BlackFideId "14113490"]
[WhiteElo "2433"]
[BlackElo "2518"]
[Result "0-1"]
[Round "9"]
[TimeControl "180+1"]
[Date "2023.08.01"]
[WhiteClock "0:00:54"]
[BlackClock "0:01:15"]
[Board "66"]

1. d4 e5 2. dxe5 Nc6 3. Nf3 Qe7 4. Qd5 h6 5. c3 g5 6. h3 Bg7 7. Na3 Nxe5 8. Nxe5 Qxe5 9. Qxe5+ Bxe5 10. Nc4 Bg7 11. g3 d5 12. Ne3 Ne7 13. Bg2 Be6 14. O-O O-O-O 15. Nc2 Nf5 16. e3 Nd6 17. Nd4 Ne4 18. Nxe6 fxe6 19. Rb1 Rhf8 20. c4 c6 21. b3 Nc3 22. Rb2 dxc4 23. bxc4 Rd3 24. Rc2 Na4 25. Be4 Rc3 26. Rxc3 Nxc3 27. Kg2 Nxe4 0-1


[Site "https://www.chess.com"]

[Event "Titled Tuesday Blitz August 1 Late 2023"]
[White "Zhang, Derek"]
[Black "Davidson, Kevin"]
[WhiteFideId "2087871"]
[BlackFideId "2056810"]
[WhiteElo "2516"]
[BlackElo "2418"]
[Result "1-0"]
[Round "9"]
[TimeControl "180+1"]
[Date "2023.08.01"]
[WhiteClock "0:01:43"]
[BlackClock "0:00:48"]
[Board "67"]

1. Nf3 Nf6 2. c4 g6 3. Nc3 Bg7 4. e4 d6 5. d4 O-O 6. h3 Na6 7. Be3 e5 8. d5 Nc5 9. Qc2 a5 10. g4 Ne8 11. Be2 f5 12. gxf5 gxf5 13. O-O-O f4 14. Bxc5 dxc5 15. Nh2 Nd6 16. Bg4 Nxc4 17. Na4 Nd6 18. Bxc8 Qxc8 19. Nxc5 Qxh3 20. Ne6 Rf7 21. Rdg1 Re7 22. Ng4 Qf3 23. Nf6+ Kf7 24. Rxg7+ Kxf6 25. Rh6# 1-0


[Site "https://www.chess.com"]

[Event "Titled Tuesday Blitz August 1 Late 2023"]
[White "Rodriguez Fontecha, Marcos"]
[Black "Ortega Amarelle, Mariano"]
[WhiteFideId "2256576"]
[BlackFideId "3504301"]
[WhiteElo "2413"]
[BlackElo "2512"]
[Result "1-0"]
[Round "9"]
[TimeControl "180+1"]
[Date "2023.08.01"]
[WhiteClock "0:00:05"]
[BlackClock "0:00:04"]
[Board "68"]

1. e4 c5 2. Nc3 Nc6 3. Bb5 g6 4. Bxc6 bxc6 5. d3 d5 6. f4 Bg7 7. Nf3 Bxc3+ 8. bxc3 dxe4 9. Ne5 Nf6 10. O-O O-O 11. Be3 exd3 12. cxd3 Qd6 13. c4 Nd7 14. Nf3 Rd8 15. Qe2 Nf8 16. Ne5 Ne6 17. Qf2 Nd4 18. Rae1 f6 19. Bxd4 cxd4 20. c5 Qd5 21. Nc4 Qxc5 22. Rc1 Qd5 23. Rfe1 Be6 24. Qh4 Rd7 25. Re2 Bf7 26. Rce1 Re8 27. Qf2 c5 28. Nd2 Qxa2 29. Ne4 Qd5 30. Nxf6+ exf6 31. Rxe8+ Bxe8 32. Rxe8+ Kf7 33. Qe2 Rb7 34. Rh8 Re7 35. Rxh7+ Ke8 36. Qxe7# 1-0


[Site "https://www.chess.com"]

[Event "Titled Tuesday Blitz August 1 Late 2023"]
[White "Kovalevsky, Stanislav"]
[Black "Jorajuria Mendoza, Algol"]
[WhiteFideId "13508598"]
[BlackFideId "5128897"]
[WhiteElo "2511"]
[BlackElo "2407"]
[Result "1-0"]
[Round "9"]
[TimeControl "180+1"]
[Date "2023.08.01"]
[WhiteClock "0:00:54"]
[BlackClock "0:00:00"]
[Board "69"]

1. c4 e5 2. Nc3 Nf6 3. g3 Bc5 4. Bg2 c6 5. e3 d5 6. d4 exd4 7. exd4 Bb4 8. cxd5 Nxd5 9. Ne2 O-O 10. O-O Bg4 11. Nxd5 cxd5 12. h3 Bxe2 13. Qxe2 Nc6 14. Be3 Qd7 15. Rac1 Rfe8 16. Qb5 Rxe3 17. fxe3 Bd2 18. Rcd1 Bxe3+ 19. Kh2 Rd8 20. Rfe1 Bf2 21. Re2 Bxg3+ 22. Kxg3 Qd6+ 23. Kf2 h5 24. Qd3 Qf6+ 25. Qf3 Qh4+ 26. Qg3 Qf6+ 27. Kg1 Nxd4 28. Re5 Qb6 29. Qf2 f6 30. Bxd5+ Rxd5 31. Rxd5 Ne2+ 32. Kf1 1-0


[Site "https://www.chess.com"]

[Event "Titled Tuesday Blitz August 1 Late 2023"]
[White "Kubatko, Ivan"]
[Black "Koutlas, Nikolaos"]
[WhiteFideId "24111473"]
[BlackFideId "25827138"]
[WhiteElo "2401"]
[BlackElo "2505"]
[Result "0-1"]
[Round "9"]
[TimeControl "180+1"]
[Date "2023.08.01"]
[WhiteClock "0:00:00"]
[BlackClock "0:00:10"]
[Board "70"]

1. e4 e5 2. Nf3 Nf6 3. Nc3 Bb4 4. d3 d5 5. exd5 Nxd5 6. Bd2 O-O 7. g3 Bg4 8. Bg2 Nc6 9. h3 Bh5 10. O-O Nxc3 11. bxc3 Bc5 12. g4 Bg6 13. Ng5 Be7 14. Ne4 Qd7 15. Rb1 Rab8 16. Ng3 Nd8 17. Re1 f6 18. Be3 b6 19. Qf3 Kh8 20. Nf5 Ne6 21. h4 Bc5 22. d4 exd4 23. cxd4 Bd6 24. c4 Rbe8 25. Red1 Nd8 26. c5 Be7 27. Rbc1 Bxf5 28. gxf5 Nf7 29. cxb6 cxb6 30. Rc6 Rc8 31. Re6 Bd6 32. Qd5 Rfd8 33. Kh1 Bf8 34. Qf3 Re8 35. d5 Nd8 36. Rxe8 Qxe8 37. d6 Qd7 38. Bf4 Nf7 39. Qd5 Rd8 40. Qe6 Ne5 41. Bxe5 fxe5 42. Qxd7 Rxd7 43. Bc6 Rxd6 44. Rxd6 Bxd6 45. Kg2 Kg8 46. Kf3 Kf8 47. Ke4 Ke7 48. Kd5 Bc5 49. f3 Kf6 50. Bd7 h5 51. Be8 Kxf5 52. Bxh5 Bf2 53. Bg4+ Kf4 54. h5 e4 55. h6 gxh6 56. Bh5 exf3 57. Kc4 Ke3 58. Kc3 Be1+ 59. Kc2 f2 0-1


[Site "https://www.chess.com"]

[Event "Titled Tuesday Blitz August 1 Late 2023"]
[White "Vifleemskaia, Svetlana"]
[Black "Droin, Augustin"]
[WhiteFideId "4129490"]
[BlackFideId "45105987"]
[WhiteElo "2391"]
[BlackElo "2505"]
[Result "0-1"]
[Round "9"]
[TimeControl "180+1"]
[Date "2023.08.01"]
[WhiteClock "0:00:00"]
[BlackClock "0:00:51"]
[Board "71"]

1. d4 d5 2. c4 e5 3. dxe5 d4 4. Nf3 Nc6 5. a3 Nge7 6. e3 Bg4 7. Be2 Nf5 8. e4 Nh4 9. Nxh4 Bxe2 10. Qxe2 Qxh4 11. O-O Nxe5 12. f4 d3 13. Qf2 Qxf2+ 14. Kxf2 Nxc4 15. Rd1 O-O-O 16. b3 Bc5+ 17. Kf3 Na5 18. b4 Nb3 19. Ra2 Nd4+ 20. Kg3 Be7 21. Nc3 Nb3 22. Nd5 Nxc1 23. Rxc1 Bd6 24. Rd1 Rhe8 25. Kf3 f5 26. e5 Bxe5 27. Rxd3 c6 0-1


[Site "https://www.chess.com"]

[Event "Titled Tuesday Blitz August 1 Late 2023"]
[White "Haitin, Ilja"]
[Black "Jimenez Jimenez, Leandro"]
[WhiteFideId "4501764"]
[BlackFideId "6415253"]
[WhiteElo "2384"]
[BlackElo "2502"]
[Result "1-0"]
[Round "9"]
[TimeControl "180+1"]
[Date "2023.08.01"]
[WhiteClock "0:00:33"]
[BlackClock "0:00:00"]
[Board "72"]

1. Nf3 Nf6 2. b3 g6 3. Bb2 Bg7 4. e3 O-O 5. d4 d6 6. Be2 c5 7. O-O cxd4 8. Nxd4 Nc6 9. Nxc6 bxc6 10. c4 c5 11. Nc3 Bb7 12. Bf3 Ne4 13. Rc1 Nxc3 14. Bxc3 Bxf3 15. Qxf3 Bxc3 16. Rxc3 Qa5 17. Rc2 Qc7 18. h4 a5 19. h5 Kg7 20. Qf4 a4 21. h6+ Kg8 22. Rc3 Rfb8 23. Rd1 axb3 24. axb3 Ra3 25. Rdd3 Ra1+ 26. Kh2 Rb1 27. e4 Ra8 28. Rf3 f6 29. Qd2 d5+ 30. g3 d4 31. Rc1 Raa1 32. Rxb1 Rxb1 33. Qa2 Re1 34. Qa8+ Kf7 35. Qh8 Rxe4 36. Rxf6+ exf6 37. Qxh7+ Ke6 38. Qxc7 d3 39. Qxc5 Re5 40. Qd4 Rh5+ 41. Kg2 1-0


[Site "https://www.chess.com"]

[Event "Titled Tuesday Blitz August 1 Late 2023"]
[White "Crispin Ferreras, Darvi Abraham"]
[Black "Jovic, Stanoje"]
[WhiteFideId "6402771"]
[BlackFideId "905020"]
[WhiteElo "2358"]
[BlackElo "2500"]
[Result "0-1"]
[Round "9"]
[TimeControl "180+1"]
[Date "2023.08.01"]
[WhiteClock "0:00:00"]
[BlackClock "0:00:15"]
[Board "73"]

1. e4 c6 2. d4 d5 3. exd5 cxd5 4. Bd3 Nc6 5. c3 g6 6. Bf4 Nh6 7. Nf3 f6 8. Nbd2 Nf7 9. O-O Bg7 10. Re1 O-O 11. h3 e5 12. dxe5 fxe5 13. Bg3 e4 14. Nxe4 dxe4 15. Bxe4 Bf5 16. Bd5 Qb6 17. Ng5 Qxb2 18. Bd6 Qxc3 19. Rc1 Qd4 20. Bxf8 Rxf8 21. Nxf7 Qxd1 22. Rexd1 Rxf7 23. g4 Bc8 24. Bb3 Bf6 25. Rd6 Kg7 26. Bxf7 Kxf7 27. f3 Be6 28. Kg2 Be5 29. Rd3 a5 30. Rb1 Nb4 31. Re3 Bd4 32. Ree1 Bxa2 33. Rbd1 Nc6 34. Rc1 Bb3 35. Red1 Bxd1 36. Rxd1 a4 37. Kg3 a3 38. f4 a2 0-1


[Site "https://www.chess.com"]

[Event "Titled Tuesday Blitz August 1 Late 2023"]
[White "Papayan, Oleg"]
[Black "Ardila, Oscar Humberto"]
[WhiteFideId "4193911"]
[BlackFideId "4404742"]
[WhiteElo "2497"]
[BlackElo "2330"]
[Result "1-0"]
[Round "9"]
[TimeControl "180+1"]
[Date "2023.08.01"]
[WhiteClock "0:00:13"]
[BlackClock "0:00:00"]
[Board "74"]

1. e4 e5 2. Nf3 Nf6 3. d4 Nxe4 4. Bd3 d5 5. Nxe5 Bd6 6. O-O O-O 7. c4 c6 8. Nc3 Nxc3 9. bxc3 Nd7 10. Nxd7 Bxd7 11. cxd5 cxd5 12. Qh5 f5 13. Qf3 Be6 14. Re1 Qd7 15. Bf4 Rac8 16. Bxd6 Qxd6 17. Bc2 g6 18. Bb3 Rfd8 19. Re5 Bf7 20. Rae1 Qc6 21. R1e3 a5 22. a4 Rd7 23. h4 Rcd8 24. h5 Qb6 25. Bd1 Qf6 26. Bb3 Qb6 27. Qd1 f4 28. Rf3 Qf6 29. hxg6 hxg6 30. Rh3 Kg7 31. Qg4 Rd6 32. Rf3 Be6 33. Qxf4 Qxf4 34. Rxf4 Bf5 35. Re7+ Kf6 36. Rxb7 Kg5 37. Rf3 Re8 38. Re3 Rxe3 39. fxe3 Re6 40. Kf2 Rc6 41. Bxd5 Rxc3 42. Rb5 Kf6 43. Rxa5 Ra3 44. Ra6+ Kg5 45. Bf3 Bd3 46. Ra5+ Kh6 47. Kg3 Bc2 48. Bc6 Rxe3+ 49. Kf4 Re2 50. g4 Rf2+ 51. Ke3 Rh2 52. g5+ Kg7 53. Ra7+ Kf8 54. a5 Rh5 55. Kf4 Rh4+ 56. Ke5 Bf5 57. a6 Rh2 58. Ra8+ Ke7 59. a7 Re2+ 60. Kf4 Rf2+ 61. Ke3 Ra2 62. Re8+ Kd6 63. a8=Q Rxa8 64. Rxa8 Kxc6 65. Rf8 Kd5 66. Rxf5+ gxf5 67. Kf4 Ke6 68. d5+ Kxd5 69. Kxf5 Kd6 70. Kf6 Kd7 71. Kf7 Kd6 72. g6 Ke5 73. g7 Kf5 74. g8=Q Ke5 75. Qg6 Kf4 76. Qf6+ Ke3 77. Qf5 Ke2 78. Qf4 Kd3 79. Qe5 Kc2 80. Qd4 Kb3 81. Qc5 Kb2 82. Qc4 Ka1 83. Qe2 Kb1 84. Ke6 1-0


[Site "https://www.chess.com"]

[Event "Titled Tuesday Blitz August 1 Late 2023"]
[White "Harish, Neeraj"]
[Black "Peycheva, Gergana"]
[WhiteFideId "30958130"]
[BlackFideId "2916711"]
[WhiteElo "2324"]
[BlackElo "2491"]
[Result "0-1"]
[Round "9"]
[TimeControl "180+1"]
[Date "2023.08.01"]
[WhiteClock "0:01:30"]
[BlackClock "0:00:24"]
[Board "75"]

1. e4 c5 2. Nf3 Nc6 3. Bb5 g6 4. Bxc6 dxc6 5. d3 Bg7 6. h3 Nf6 7. O-O Nd7 8. Nc3 Nf8 9. Be3 Ne6 10. a4 Nd4 11. a5 O-O 12. Nb1 Nxf3+ 13. Qxf3 Bxb2 14. Ra2 Bd4 15. Nd2 Be6 16. Ra4 b5 17. axb6 axb6 18. Rxa8 Qxa8 19. Rb1 b5 20. Bxd4 cxd4 21. Nb3 Bxb3 22. Rxb3 Qa1+ 23. Kh2 Qc1 24. Qe2 Ra8 25. Rb4 Ra2 26. Rxd4 Rxc2 27. Qf3 Qg5 28. Rd8+ Kg7 29. d4 b4 30. Rb8 Rc3 31. Qg4 Qxg4 32. hxg4 Rc4 33. d5 cxd5 34. exd5 Rxg4 35. Rb7 Kf6 36. f3 Rd4 37. Kg3 h5 38. Rb6+ Ke5 39. Rb7 Kd6 40. Rb6+ Kxd5 41. Rb7 Kc4 42. Rxe7 Kc3 43. Rxf7 b3 44. Rc7+ Rc4 45. Rb7 b2 46. Rb6 Rb4 47. Rc6+ Kb3 0-1


[Site "https://www.chess.com"]

[Event "Titled Tuesday Blitz August 1 Late 2023"]
[White "Sala, Giulia"]
[Black "Sivakumar, Shaaketh"]
[WhiteFideId "2840451"]
[BlackFideId "30940176"]
[WhiteElo "2301"]
[BlackElo "2483"]
[Result "0-1"]
[Round "9"]
[TimeControl "180+1"]
[Date "2023.08.01"]
[WhiteClock "0:00:04"]
[BlackClock "0:01:06"]
[Board "76"]

1. d4 e5 2. dxe5 Nc6 3. Nf3 Qe7 4. Bf4 Qb4+ 5. Bd2 Qxb2 6. Nc3 Bb4 7. Rb1 Qxc3 8. Bxc3 Bxc3+ 9. Nd2 Nxe5 10. e3 Nf6 11. Bd3 d5 12. O-O O-O 13. Nf3 Bg4 14. Be2 Bxf3 15. Bxf3 b6 16. Rb3 Ba5 17. Qd4 Rfe8 18. Rd1 Rad8 19. h3 c5 20. Qh4 Rd7 21. Be2 Red8 22. Bb5 Rd6 23. Qg3 Ng6 24. c4 Ne4 25. Qf3 dxc4 26. Rxd6 Nxd6 27. Rb1 Nxb5 28. Rxb5 c3 29. Qe4 Ne5 30. Rb1 Nd3 31. Qe7 Rf8 32. Rf1 c2 33. Qxa7 Be1 34. Rxe1 Nxe1 35. Qa3 Nd3 36. Qxd3 c1=Q+ 37. Kh2 Qb2 38. Qd6 Qf6 39. Qg3 Re8 40. f4 Qe7 41. Qg4 Qxe3 42. f5 Qe5+ 43. g3 Qe2+ 44. Qxe2 Rxe2+ 0-1


[Site "https://www.chess.com"]

[Event "Titled Tuesday Blitz August 1 Late 2023"]
[White "Grinev, Valeriy"]
[Black "Srdanovic, Jovana"]
[WhiteFideId "14117517"]
[BlackFideId "954810"]
[WhiteElo "2520"]
[BlackElo "2354"]
[Result "0-1"]
[Round "9"]
[TimeControl "180+1"]
[Date "2023.08.01"]
[WhiteClock "0:02:12"]
[BlackClock "0:02:15"]
[Board "77"]

1. Nf3 d5 2. e3 Nf6 3. d4 e6 4. Be2 Be7 5. O-O O-O 6. h3 c5 7. c3 Nc6 8. b3 b6 9. Bb2 Bb7 10. Nbd2 Qc7 11. Rc1 Bd6 12. Re1 a5 13. Nf1 a4 14. bxa4 c4 15. N3d2 Ne7 16. f4 Bc6 17. Nf3 Bxa4 18. Qd2 Ne4 19. Ng3 Nxd2 20. Nxd2 f6 21. Ra1 e5 22. fxe5 fxe5 23. e4 exd4 24. Nf5 Nxf5 25. exf5 dxc3 26. Bf3 cxb2 27. Bxd5+ Kh8 28. Rab1 Qc5+ 29. Kh1 Qxd5 30. Nxc4 Qxc4 31. Rxb2 Qc3 32. Rf2 Qg3 33. Re3 Qh2# 0-1


[Site "https://www.chess.com"]

[Event "Titled Tuesday Blitz August 1 Late 2023"]
[White "Rego, Pedro Filipe"]
[Black "Rottenwohrer Suarez, Juan"]
[WhiteFideId "1904310"]
[BlackFideId "32068182"]
[WhiteElo "2345"]
[BlackElo "2495"]
[Result "1-0"]
[Round "9"]
[TimeControl "180+1"]
[Date "2023.08.01"]
[WhiteClock "0:00:07"]
[BlackClock "0:00:00"]
[Board "78"]

1. c4 Nf6 2. Nc3 g6 3. e4 d6 4. d4 Bg7 5. Nf3 O-O 6. Be2 e5 7. O-O Nc6 8. d5 Ne7 9. b4 a5 10. Ba3 b6 11. bxa5 Rxa5 12. Bb4 Ra8 13. a4 Ne8 14. Nd2 f5 15. f3 Bh6 16. Nb3 Kh8 17. Kh1 Be3 18. a5 c5 19. Ba3 bxa5 20. Qd3 Bh6 21. Nb5 Nc7 22. Nxd6 Na6 23. Nxc5 Qxd6 24. Ne6 Qd7 25. Nxf8 Bxf8 26. c5 Rb8 27. c6 Qe8 28. Rab1 Nb4 29. Bxb4 axb4 30. Qc4 Ng8 31. Bd3 Nf6 32. Rfe1 Bd6 33. f4 fxe4 34. Bxe4 exf4 35. Bf5 Qd8 36. Be6 Qb6 37. Rbc1 Ba6 38. Qc2 b3 39. Qc3 Kg7 40. c7 Bxc7 41. Qxc7+ Qxc7 42. Rxc7+ Kh6 43. Rb1 Bd3 44. Rb2 Ne4 45. h4 Nc3 46. Rxc3 1-0


[Site "https://www.chess.com"]

[Event "Titled Tuesday Blitz August 1 Late 2023"]
[White "Nanu, Costica-Ciprian"]
[Black "Balla, Tamas-Kristof"]
[WhiteFideId "1204580"]
[BlackFideId "1208497"]
[WhiteElo "2481"]
[BlackElo "2372"]
[Result "1-0"]
[Round "9"]
[TimeControl "180+1"]
[Date "2023.08.01"]
[WhiteClock "0:00:57"]
[BlackClock "0:00:02"]
[Board "79"]

1. Nf3 c5 2. e4 Nc6 3. Nc3 g6 4. Bb5 Bg7 5. O-O Nd4 6. Nxd4 Bxd4 7. Ne2 Bg7 8. c3 a6 9. Bc4 d6 10. d4 cxd4 11. cxd4 Nf6 12. f3 O-O 13. Be3 b5 14. Bd3 Bb7 15. Rc1 Qd7 16. Qd2 Rac8 17. d5 e6 18. dxe6 Qxe6 19. Nd4 Qd7 20. Rfd1 d5 21. e5 Ne8 22. Rxc8 Bxc8 23. f4 Nc7 24. Be2 Bb7 25. Nb3 Ne6 26. Bg4 Rd8 27. f5 gxf5 28. Bxf5 Bxe5 29. Bg5 f6 30. Qe2 Re8 31. Qg4 Kh8 32. Nc5 Qd6 33. Nxe6 fxg5 34. Qh5 Qe7 35. Nxg5 Bd4+ 36. Kf1 Rf8 37. g4 Be3 38. Nxh7 Rxf5+ 39. Qxf5 Qxh7 40. Qe5+ Qg7 41. Qe8+ Kh7 42. Qxe3 Qxb2 43. Qe7+ Kg6 44. Qxb7 Qxh2 45. Qxd5 Qf4+ 46. Ke1 Qg3+ 47. Kd2 1-0


[Site "https://www.chess.com"]

[Event "Titled Tuesday Blitz August 1 Late 2023"]
[White "Vafin, Ayrat"]
[Black "Hirneise, Jens"]
[WhiteFideId "4146530"]
[BlackFideId "24614734"]
[WhiteElo "2297"]
[BlackElo "2459"]
[Result "0-1"]
[Round "9"]
[TimeControl "180+1"]
[Date "2023.08.01"]
[WhiteClock "0:00:05"]
[BlackClock "0:00:23"]
[Board "80"]

1. Nf3 d5 2. g3 Nd7 3. d4 Nb6 4. Bg2 Nf6 5. O-O g6 6. Bg5 Bg7 7. Bxf6 exf6 8. Nbd2 O-O 9. e4 dxe4 10. Nxe4 f5 11. Nc5 Nd7 12. Nxd7 Qxd7 13. Ne5 Qb5 14. Qd3 Qxd3 15. Nxd3 Bxd4 16. c3 Bb6 17. Rfe1 Rd8 18. Nf4 c6 19. Re2 Bd7 20. Rd1 Be8 21. Rde1 Kf8 22. h4 h5 23. Re7 Rd7 24. Rxd7 Bxd7 25. Nd3 Re8 26. Rxe8+ Kxe8 27. Kf1 Ke7 28. Ke2 Be6 29. b3 Bc7 30. f4 Kd6 31. c4 Bb6 32. Bf3 Bd4 33. Ne1 a5 34. Nc2 Bc3 35. Ne3 Kc5 36. Nc2 a4 37. Kd3 Ba5 38. Bg2 axb3 39. axb3 b5 40. cxb5 cxb5 41. Nd4 Be1 42. Nxe6+ fxe6 43. Bb7 Bxg3 44. Bc8 Kd6 45. Ba6 Bxf4 46. Bxb5 Ke7 47. b4 Bg3 48. Bc6 Bxh4 49. b5 Bf2 50. Ke2 Bb6 51. Kf3 g5 52. Kg3 h4+ 53. Kh3 Kd6 54. Bb7 Ke5 55. Bc8 Kf6 56. Bd7 e5 57. Bc6 e4 58. Bd5 Ke5 59. Bc6 Kf4 60. Bd7 e3 61. Kg2 g4 62. Kf1 h3 63. Bc6 Kg3 64. Ke2 f4 65. Bh1 f3+ 66. Kf1 e2+ 67. Ke1 Ba5# 0-1


[Site "https://www.chess.com"]

[Event "Titled Tuesday Blitz August 1 Late 2023"]
[White "De Souza, Cristiano Gomes"]
[Black "Arnold, Ken"]
[WhiteFideId "2151758"]
[BlackFideId "2056836"]
[WhiteElo "2245"]
[BlackElo "2429"]
[Result "0-1"]
[Round "9"]
[TimeControl "180+1"]
[Date "2023.08.01"]
[WhiteClock "0:00:35"]
[BlackClock "0:00:42"]
[Board "81"]

1. d4 d5 2. c4 e6 3. Nf3 Nf6 4. Nc3 Be7 5. Bg5 h6 6. Bxf6 Bxf6 7. e3 O-O 8. Rc1 dxc4 9. Bxc4 c5 10. dxc5 Qa5 11. O-O Qxc5 12. Ne4 Qe7 13. Nxf6+ Qxf6 14. Qe2 Nc6 15. Rfd1 e5 16. h3 Be6 17. Bxe6 Qxe6 18. a3 Rfd8 19. Qb5 e4 20. Qxb7 Rxd1+ 21. Rxd1 Rb8 22. Qc7 exf3 23. Rd6 Rc8 24. Rxe6 Rxc7 25. Re8+ Kh7 26. gxf3 a5 27. Ra8 Kg6 28. Ra6 Kf5 29. b4 axb4 30. axb4 Nxb4 31. Kg2 Nxa6 0-1


[Site "https://www.chess.com"]

[Event "Titled Tuesday Blitz August 1 Late 2023"]
[White "Osmonbekov, Talaibek"]
[Black "Ai, Evan"]
[WhiteFideId "2017253"]
[BlackFideId "2094770"]
[WhiteElo "2220"]
[BlackElo "2328"]
[Result "1/2-1/2"]
[Round "9"]
[TimeControl "180+1"]
[Date "2023.08.01"]
[WhiteClock "0:00:19"]
[BlackClock "0:00:35"]
[Board "82"]

1. d4 Nf6 2. Nc3 d5 3. Bf4 e6 4. e3 a6 5. Nf3 Bb4 6. Bd3 Nbd7 7. O-O c5 8. dxc5 Nxc5 9. Ne2 O-O 10. Ned4 Nxd3 11. cxd3 Bd6 12. Ne5 Qc7 13. Rc1 Qb8 14. Ng4 Nxg4 15. Bxd6 Qxd6 16. Qxg4 e5 17. Nf5 Qf6 18. e4 Kh8 19. f4 g6 20. Qh4 Qb6+ 21. Kh1 gxf5 22. fxe5 dxe4 23. d4 Qg6 24. Rc3 Qg4 25. Qe7 Qg7 26. Rg3 Qh6 27. Rh3 Qg7 28. Rg3 Qh6 29. Rh3 Qg7 30. Rg3 1/2-1/2


[Site "https://www.chess.com"]

[Event "Titled Tuesday Blitz August 1 Late 2023"]
[White "Sun, Rick"]
[Black "Slavin, Alexey"]
[WhiteFideId "30909481"]
[BlackFideId "24104388"]
[WhiteElo "2592"]
[BlackElo "2351"]
[Result "1-0"]
[Round "9"]
[TimeControl "180+1"]
[Date "2023.08.01"]
[WhiteClock "0:00:07"]
[BlackClock "0:00:15"]
[Board "83"]

1. d4 Nc6 2. Nc3 e5 3. d5 Nce7 4. f4 exf4 5. Bxf4 Ng6 6. Bg3 Bc5 7. Qd3 Nf6 8. h4 d6 9. Nf3 h5 10. O-O-O a6 11. e4 O-O 12. e5 Ng4 13. e6 f5 14. Kb1 Bf2 15. Ng5 Qf6 16. Be2 Bxg3 17. Qxg3 f4 18. Qe1 Ne3 19. Bxh5 Nxd1 20. Qxd1 Ne5 21. Bf7+ Nxf7 22. exf7+ Kh8 23. Nce4 Qh6 24. Qd2 Bf5 25. Qxf4 Bxe4 26. Qxe4 Qf6 27. Qh7# 1-0


[Site "https://www.chess.com"]

[Event "Titled Tuesday Blitz August 1 Late 2023"]
[White "Kostiukov, Alexandr"]
[Black "ElenGajger"]
[WhiteFideId "14108100"]
[WhiteElo "2348"]
[BlackElo "2531"]
[Result "0-1"]
[Round "9"]
[TimeControl "180+1"]
[Date "2023.08.01"]
[WhiteClock "0:00:00"]
[BlackClock "0:00:34"]
[Board "84"]

1. g3 g6 2. Bg2 Bg7 3. c4 Nf6 4. Nf3 O-O 5. O-O d5 6. d4 dxc4 7. Qa4 a6 8. Qxc4 b5 9. Qb3 Bb7 10. Nc3 Nbd7 11. Bf4 c5 12. dxc5 Nxc5 13. Qa3 Ne6 14. Rfd1 Qe8 15. Be5 Rd8 16. h3 Nd5 17. Nxd5 Rxd5 18. Rxd5 Bxd5 19. Bxg7 Kxg7 20. Qxa6 Qc6 21. Qxc6 Bxc6 22. Rc1 Bd5 23. a3 b4 24. e3 bxa3 25. bxa3 Ra8 26. Ra1 Nc5 27. Nd4 Bxg2 28. Kxg2 e5 29. Nb5 Rb8 30. Nd6 Rb2 31. Nc4 Rc2 32. Nxe5 Ne4 33. Rf1 Ra2 34. Nc4 Rc2 35. Ne5 f6 36. Nf3 Ra2 37. Nd4 Rxa3 38. Rc1 Ra2 39. Rc7+ Kh6 40. Nc2 f5 41. f3 Nf6 42. g4 Nd5 0-1


[Site "https://www.chess.com"]

[Event "Titled Tuesday Blitz August 1 Late 2023"]
[White "Topalov, Aleksandar"]
[Black "Castro Silva, Moises Antonio"]
[WhiteFideId "925659"]
[BlackFideId "3909794"]
[WhiteElo "2347"]
[BlackElo "2445"]
[Result "1-0"]
[Round "9"]
[TimeControl "180+1"]
[Date "2023.08.01"]
[WhiteClock "0:00:04"]
[BlackClock "0:00:00"]
[Board "85"]

1. b3 c5 2. Bb2 Nc6 3. Nf3 Nf6 4. c4 g6 5. e3 Bg7 6. Be2 O-O 7. O-O Re8 8. d4 cxd4 9. Nxd4 b6 10. Bf3 Bb7 11. Nc3 Qc8 12. Nd5 Ne5 13. Rc1 Nxf3+ 14. Qxf3 d6 15. Nb5 Nxd5 16. cxd5 Bxb2 17. Rxc8 Rexc8 18. Nd4 e6 19. Nc6 Rc7 20. Rb1 Bg7 21. b4 b5 22. Rc1 Rac8 23. Rd1 exd5 24. Na5 Ba8 25. Qe2 a6 26. h4 Rc2 27. Qg4 f5 28. Qg5 Rxa2 29. Qe7 Rac2 30. Nb3 R2c4 31. Qxd6 Kh8 32. Nd4 a5 33. bxa5 b4 34. Ne6 Bc3 35. Ng5 R4c7 36. Ne6 Ra7 37. Rd4 Bxd4 38. exd4 b3 39. Qe5+ Kg8 40. Ng5 1-0


[Site "https://www.chess.com"]

[Event "Titled Tuesday Blitz August 1 Late 2023"]
[White "Omariev, Maksim"]
[Black "Zilleruelo Irizarry, Diego"]
[WhiteFideId "4193423"]
[BlackFideId "3101460"]
[WhiteElo "2441"]
[BlackElo "2336"]
[Result "1-0"]
[Round "9"]
[TimeControl "180+1"]
[Date "2023.08.01"]
[WhiteClock "0:01:08"]
[BlackClock "0:00:10"]
[Board "86"]

1. e4 c6 2. Nc3 d5 3. Nf3 Bg4 4. h3 Bxf3 5. Qxf3 Nf6 6. d3 e6 7. Bd2 Nbd7 8. O-O-O Qc7 9. g4 h6 10. h4 O-O-O 11. Bh3 Ne5 12. Qg3 Bd6 13. f4 Ng6 14. e5 Nxe5 15. fxe5 Bxe5 16. Qg2 Qa5 17. Kb1 Nd7 18. Ne2 Qb6 19. Bc3 Bxc3 20. Nxc3 Nc5 21. Rhf1 d4 22. Ne4 Na4 23. b3 Qb4 24. Qd2 Nc3+ 25. Nxc3 dxc3 26. Qc1 Rd7 27. Rf4 Qe7 28. h5 Qh4 29. Bg2 Qg3 30. Be4 Rhd8 31. Rdf1 f6 32. Qe1 Qxe1+ 33. Rxe1 Kc7 34. Bg6 e5 35. Rc4 Rd4 36. Re4 Rxe4 37. Bxe4 Rd4 38. Rxc3 Kd6 39. Rc4 c5 40. c3 Rxc4 41. dxc4 b6 42. Kc2 1-0


[Site "https://www.chess.com"]